Cogmind - Beta 16.1 @@@ ROGUE MODE // 2026.02.12 @ 22:54:53 Player: TheSkyeDoctor Result: Destroyed by G-47 Trooper with Particle Gun Performance ------------- Evolutions (2) 1000 Regions Visited (5) 1000 Robots Destroyed (14) 70 Value Destroyed (377) 377 Prototype IDs (0) 0 Alien Tech Used (0) 0 Bonus (0) 0 TOTAL SCORE: 2447 Bonus ------- None Cogmind --------- Core Integrity 0/550 Matter 198/300 Energy 75/100 System Corruption 7% Temperature Cool (9) Movement Core (50) Location -8/Storage Parts ------- > --- POWER (1) -------- (None) > --- PROPULSION (4) --- (None) > --- UTILITY (4) ------ (None) > --- WEAPON (2) ------- (None) > --- INVENTORY (5) ---- Small Storage Unit Transport Network Coupler Particle Charger Improved Utility Shielding Light EM Pulse Cannon Peak State ------------ > --- POWER ------------ Light Nuclear Core > --- PROPULSION ------- Cesium-ion Thruster Cesium-ion Thruster Cesium-ion Thruster Cesium-ion Thruster > --- UTILITY ---------- Small Storage Unit Particle Charger > --- WEAPON ----------- Light Cannon > --- INVENTORY -------- Light Ion Engine Flight Unit Medium Laser Light Assault Rifle Light Cannon [Rating: 20] Favorites ----------- Power Ion Engine Engine Ion Engine Power Core Light Nuclear Core Propulsion Cesium-ion Thruster Wheel Wheel Flight Unit Cesium-ion Thruster Utility Small Storage Unit Device Trap Scanner Storage Small Storage Unit Weapon Light Cannon Energy Gun Medium Laser Energy Cannon Light EM Pulse Cannon Ballistic Gun Light Assault Rifle Ballistic Cannon Light Cannon Build | -11 -10 -9 -9 -8 -8 ------- Run | Yrd Mat Mat Min Mat Sto Slots Evolved 4 | . . 2 . 2 . Power . | . . . . . . Propulsion 2 | . . 2 . . . Utility 2 | . . . . 2 . Weapon . | . . . . . . Parts Attached 23 | 6 5 9 . 1 2 Power 4 | 1 1 1 . . 1 Engine 2 | 1 . 1 . . . Core 2 | . 1 . . . 1 Reactor . | . . . . . . Propulsion 9 | 2 2 5 . . . Treads . | . . . . . . Leg . | . . . . . . Wheel 2 | 2 . . . . . Hover . | . . . . . . Flight 7 | . 2 5 . . . Utility 5 | 1 . 3 . 1 . Device 3 | . . 2 . 1 . Storage 2 | 1 . 1 . . . Processor . | . . . . . . Hackware . | . . . . . . Protection . | . . . . . . Artifact . | . . . . . . Weapon 5 | 2 2 . . . 1 Energy Gun 1 | 1 . . . . . Energy Cannon 1 | . . . . . 1 Ballistic Gun 1 | 1 . . . . . Ballistic Cannon 2 | . 2 . . . . Launcher . | . . . . . . Special Weapon . | . . . . . . Impact Weapon . | . . . . . . Slashing Weapon . | . . . . . . Piercing Weapon . | . . . . . . Special Melee Weapon . | . . . . . . Unidentified Prototypes . | . . . . . . Parts Lost 18 | . 3 9 3 1 2 Power 4 | . 1 1 1 . 1 Propulsion 8 | . 2 4 1 1 . Utility 2 | . . 1 . . 1 Weapon 4 | . . 3 1 . . Highest Loss Streak 12 | . 3 9 12 1 1 To Critical Strikes . | . . . . . . Average Backups 3 | 1 3 5 2 4 4 Power . | . 1 . . . . Propulsion . | . . . . . . Utility 1 | . . 1 2 3 4 Weapon 1 | . 1 2 . . . Tool/Special . | . . . . . . Unused Backups 3 | . . . . . 3 Power . | . . . . . . Propulsion . | . . . . . . Utility 3 | . . . . . 3 Weapon . | . . . . . . Tool/Special . | . . . . . . Average Slot Usage (%) 51 | . 80 68 29 10 7 Engine 5 | . 12 . 7 . . Core 1 | . . 5 . . 1 Wheel 10 | . 23 . . . . Flight 8 | . 2 34 14 5 . Device 2 | . . 6 . 5 5 Storage 7 | . 13 9 5 . . Energy Gun 5 | . 13 . 1 . . Ballistic Gun 1 | . 1 1 . . . Ballistic Cannon 7 | . 12 10 . . . Peak Build Rating 20 | 6 8 20 4 4 7 Average Rating 6 | 3 5 13 2 2 3 On Entrance 3 | . 6 6 4 1 4 Avg Prop Armor Cover (%) . | . . . . . . Naked Turns 71 | . . . . . 71 Heaviest Build 16 | 13 15 16 8 2 7 Greatest Support 26 | 26 26 20 8 4 3 Greatest Overweight (x) 3 | . 3 1 . . 2 Average Overweight (x) . | . . . . . . Largest Inventory Capacity 8 | 8 8 8 8 5 5 Average Capacity 6 | 6 7 7 6 5 5 Most Carried 7 | 4 6 7 3 5 5 Average Carried 3 | 1 3 5 2 4 4 Final Capacity 8 | 8 5 8 5 5 5 Final Carried 5 | 1 4 3 2 5 5 Class Distribution -------------------- 81% | Mutant 18% | Sprinter Dominant Class ---------------- Mutant | -10/Materials Sprinter | -9/Materials Mutant | -9/Mines Mutant | -8/Materials Mutant | -8/Storage Resources | -11 -10 -9 -9 -8 -8 ----------- Run | Yrd Mat Mat Min Mat Sto Matter Collected 469 | 195 144 77 . . 53 Remotely . | . . . . . . Salvage Created 327 | . 176 98 . . 53 Parts 32 | . 14 14 . . 4 Haulers Intercepted . | . . . . . . Recyclers Shooed 1 | . . 1 . . . Parts Field Recycled . | . . . . . . Retrieved Matter . | . . . . . . Parts Self-Destructed . | . . . . . . Prevented . | . . . . . . Parts Restored . | . . . . . . Kills | -11 -10 -9 -9 -8 -8 ------- Run | Yrd Mat Mat Min Mat Sto Combat Hostiles Destroyed 14 | . 7 6 . . 1 Guns 5 | . 5 . . . . Cannons 8 | . 2 5 . . 1 AOE 1 | . . 1 . . . Classes Destroyed 3 | . 2 1 . . . Swarmer 7 | . 3 4 . . . Grunt 4 | . 4 . . . . Sentry 3 | . . 2 . . 1 Best Kill Streak 5 | . 5 4 . . 1 Combat Bots Only 5 | . 5 4 . . 1 Max Kills in Single Turn 1 | . 1 1 . . 1 Gunslinging . | . . . . . . Exploded 1 | . . 1 . . . Melee . | . . . . . . Uniques/NPCs Destroyed . | . . . . . . Combat | -11 -10 -9 -9 -8 -8 -------- Run | Yrd Mat Mat Min Mat Sto Hostile Shots Fired 210 | . 47 87 14 8 54 Missed 63 | . 12 28 4 3 16 Hits 147 | . 35 59 10 5 38 Projectile 147 | . 35 59 10 5 38 Critical Strikes 5 | . 2 1 . . 2 Damage Taken 1780 | . 367 619 133 69 592 Core 828 | . 95 128 54 54 497 Absorbed by Shields 8 | . . . . . 8 Core Remaining (%) 72 | 100 62 . 54 . . Volleys Fired 55 | . 18 32 4 . 1 Largest 2 | . 2 2 1 . 1 Hottest 80 | . 80 50 50 . 56 Shots Fired 82 | . 35 42 4 . 1 Gun 31 | . 17 10 4 . . Cannon 51 | . 18 32 . . 1 Launcher . | . . . . . . Special . | . . . . . . Kinetic 60 | . 18 42 . . . Thermal 21 | . 17 . 4 . . Explosive . | . . . . . . Electromagnetic 1 | . . . . . 1 Robot Hit Streak 7 | . 5 5 7 . 1 Robot Miss Streak 7 | . 7 5 1 . . Penetration Max . | . . . . . . Secondary Targets . | . . . . . . Shots Hit Robots 43 | . 16 23 3 . 1 Core Hits 20 | . 9 7 2 . 2 Critical Kills . | . . . . . . Critical Parts Destroyed . | . . . . . . Critical Strikes 1 | . . 1 . . . Blast 1 | . . 1 . . . Melee Attacks . | . . . . . . Impact . | . . . . . . Slashing . | . . . . . . Piercing . | . . . . . . Sneak Attacks . | . . . . . . Combat Hostiles . | . . . . . . Follow-up Attacks . | . . . . . . Damage Inflicted 851 | . 277 457 37 . 80 Guns 172 | . 135 . 37 . . Cannons 419 | . 142 257 . . 20 Explosions 200 | . . 200 . . . Melee . | . . . . . . Ramming 60 | . . . . . 60 Kinetic 399 | . 142 257 . . . Thermal 172 | . 135 . 37 . . Explosive 200 | . . 200 . . . Electromagnetic 20 | . . . . . 20 Impact . | . . . . . . Slashing . | . . . . . . Piercing . | . . . . . . Highest Corruption 7 | . . . . . 7 Average Corruption 4 | . . . . . 4 Corruption Purged . | . . . . . . Corruption Blocked . | . . . . . . Effects 3 | . . . . . 3 Message Errors 3 | . . . . . 3 Overload Shots . | . . . . . . Overflow Damage 36 | . . 36 . . . Projectiles . | . . . . . . Explosions 36 | . . 36 . . . Melee . | . . . . . . Knockbacks 4 | . 3 1 . . . Impact . | . . . . . . Kinetic 4 | . 3 1 . . . Secondary . | . . . . . . Self-Inflicted Damage 128 | . . 100 . . 28 Shots 1 | . . 1 . . . Rammed 10 | . . . . . 10 Targets Rammed 10 | . . . . . 10 Kicked . | . . . . . . Crushed . | . . . . . . Highest Temperature 185 | . 185 7 63 . . Average Temperature 53 | . 87 3 28 . . Received Heat Transfer 582 | . 171 54 75 27 255 Siege Activations . | . . . . . . Martial Activations . | . . . . . . Shielding Activations . | . . . . . . Robots Disrupted . | . . . . . . Combat Hostiles . | . . . . . . Robots Corrupted . | . . . . . . Combat Hostiles . | . . . . . . Parts Fried . | . . . . . . Impact Corruptions . | . . . . . . Robots Melted . | . . . . . . Combat Hostiles . | . . . . . . Parts Melted 1 | . 1 . . . . Heat Transferred 518 | . 407 . 111 . . Parts Sabotaged . | . . . . . . Parts Stolen . | . . . . . . Parts Stripped . | . . . . . . Power Chain Reactions . | . . . . . . Alert | -11 -10 -9 -9 -8 -8 ------- Run | Yrd Mat Mat Min Mat Sto Maximum Alert Level . | . . . . . . Low Security (%) 100 | 100 100 100 100 100 100 Level 1 . | . . . . . . Level 2 . | . . . . . . Level 3 . | . . . . . . Level 4 . | . . . . . . Level 5 . | . . . . . . High Security . | . . . . . . Max Security . | . . . . . . Peak Influence 101 | . 101 58 18 34 85 Initial 33 | . . 33 18 . 7 Average 17 | . 15 33 6 6 19 Influence Increases 600 | . 171 185 . 49 195 Destroy 0b10 Robot/C 280 | . 140 120 . . 20 Destroy Leader 70 | . 30 30 . . 10 Successful Hack 4 | . . . . 4 . Disable Machine 15 | . . 15 . . . Destroy Structure 21 | . 1 20 . . . Lose Combat Pursuer 210 | . . . . 45 165 Influence Decreases 535 | . 90 218 48 30 149 Entered New Map 90 | . . 48 30 . 12 Time Decay 230 | . 60 80 8 20 62 Lost Part 140 | . 30 90 10 10 . Purge Threat 75 | . . . . . 75 Squads Dispatched 5 | . . . . 1 4 Investigation 1 | . . . . . 1 Extermination . | . . . . . . Reinforcement 4 | . . . . 1 3 Assault . | . . . . . . Garrison . | . . . . . . Intercept . | . . . . . . Searches Triggered . | . . . . . . Construction Impeded . | . . . . . . Haulers Reinforced . | . . . . . . Active Scanning Responses . | . . . . . . Cargo Convoy Interrupts . | . . . . . . Stealth | -11 -10 -9 -9 -8 -8 --------- Run | Yrd Mat Mat Min Mat Sto Distress Signals 2 | . . 1 . . 1 Communications Jammed . | . . . . . . Distress Signals . | . . . . . . Times Spotted 46 | . 10 9 2 7 18 Peak Tracking Total 11 | . 5 5 2 6 11 Tactical Retreats 6 | . . . . 2 4 Traps | -11 -10 -9 -9 -8 -8 ------- Run | Yrd Mat Mat Min Mat Sto Traps Triggered 1 | . . . . . 1 Indirectly . | . . . . . . Trap Hack Attempts . | . . . . . . Triggered . | . . . . . . Disarmed . | . . . . . . Reprogrammed . | . . . . . . Reused . | . . . . . . Traps Extracted . | . . . . . . Installed . | . . . . . . Triggered . | . . . . . . Machines | -11 -10 -9 -9 -8 -8 ---------- Run | Yrd Mat Mat Min Mat Sto Machines Disabled 1 | . . 1 . . . Max in Single Turn 1 | . . 1 . . . Machines Repaired . | . . . . . . Machines Dismantled . | . . . . . . Machines Sabotaged . | . . . . . . Overloaded Fab Kills . | . . . . . . Hacking | -11 -10 -9 -9 -8 -8 --------- Run | Yrd Mat Mat Min Mat Sto Machines Accessed 5 | . 2 1 . 1 1 Terminals 5 | . 2 1 . 1 1 Fabricators . | . . . . . . Repair Stations . | . . . . . . Recycling Units . | . . . . . . Scanalyzers . | . . . . . . Garrison Access . | . . . . . . Total Hacks 18 | . 2 4 . 6 6 Successful 4 | . . . . 1 3 Failed 14 | . 2 4 . 5 3 Catastrophic 5 | . 2 1 . 1 1 Database Lockouts . | . . . . . . Manual 14 | . 2 4 . 5 3 Terminals 18 | . 2 4 . 6 6 Fabricators . | . . . . . . Repair Stations . | . . . . . . Recycling Units . | . . . . . . Scanalyzers . | . . . . . . Garrison Access . | . . . . . . Terminal Hacks 4 | . . . . 1 3 Unreport Threat 2 | . . . . . 2 Locate Traps 1 | . . . . 1 . Recall Reinforcements 1 | . . . . . 1 Fabricator Hacks . | . . . . . . Repair Station Hacks . | . . . . . . Recycling Unit Hacks . | . . . . . . Scanalyzer . | . . . . . . Garrison Access Hacks . | . . . . . . Unauthorized Hacks . | . . . . . . Terminals . | . . . . . . Fabricators . | . . . . . . Repair Stations . | . . . . . . Recycling Units . | . . . . . . Scanalyzers . | . . . . . . Garrison Access . | . . . . . . Data Cores Recovered . | . . . . . . Used . | . . . . . . Hacking Detections 5 | . 2 1 . 1 1 Full Trace Events 1 | . . . . . 1 Feedback Events . | . . . . . . Feedback Blocked . | . . . . . . Robot Schematics Acquired . | . . . . . . Robots Built . | . . . . . . Authchips . | . . . . . . Time . | . . . . . . Total Robot Build Rating . | . . . . . . Part Schematics Acquired . | . . . . . . Parts Built . | . . . . . . Authchips . | . . . . . . Time . | . . . . . . Total Part Build Rating . | . . . . . . Part Studies Acquired . | . . . . . . Parts Repaired . | . . . . . . Time . | . . . . . . Parts Recycled . | . . . . . . Recycled Matter . | . . . . . . Retrieved Matter . | . . . . . . Retrieved Components . | . . . . . . Parts Scanalyzed . | . . . . . . Part Schematics Acquired . | . . . . . . Parts Damaged . | . . . . . . Bothacking | -11 -10 -9 -9 -8 -8 ------------ Run | Yrd Mat Mat Min Mat Sto Used RIF Installer . | . . . . . . Robots Hacked . | . . . . . . Non-combat . | . . . . . . Combat . | . . . . . . Robot Hacks Applied . | . . . . . . Relay Couplers Released . | . . . . . . Fabnet Peak Effective % . | . . . . . . Robots Rewired . | . . . . . . Allies Hacked . | . . . . . . Hacks Repelled . | . . . . . . Allies | -11 -10 -9 -9 -8 -8 -------- Run | Yrd Mat Mat Min Mat Sto Total Allies . | . . . . . . Largest Group . | . . . . . . Highest-Rated Group . | . . . . . . Highest-Rated Ally . | . . . . . . Total Orders . | . . . . . . Ally Attacks . | . . . . . . Total Damage . | . . . . . . Kills . | . . . . . . Allies Corrupted . | . . . . . . Allies Melted . | . . . . . . Intel | -11 -10 -9 -9 -8 -8 ------- Run | Yrd Mat Mat Min Mat Sto Active Infowar (turns) 182 | . . . . 57 125 Traps 182 | . . . . 57 125 Robot Analysis Total . | . . . . . . Derelict Logs Recovered . | . . . . . . Drone Launches . | . . . . . . Drone Recoveries . | . . . . . . Exploration | -11 -10 -9 -9 -8 -8 ------------- Run | Yrd Mat Mat Min Mat Sto Turns Passed 945 | 46 393 167 45 92 202 Spaces Moved 912 | 39 144 180 84 160 305 Core 378 | 4 5 3 . 61 305 Treads . | . . . . . . Legs . | . . . . . . Wheels 135 | 35 100 . . . . Hover . | . . . . . . Flight 399 | . 39 177 84 99 . Fastest Speed 26 | 50 37 26 37 40 50 Average Speed 52 | 85 79 29 39 43 56 Slowest Speed 200 | 90 200 100 40 50 150 Overloaded Moves . | . . . . . . Propulsion Burnouts . | . . . . . . Robots Hopped . | . . . . . . Potential Cave-ins . | . . . . . . Cave-ins Triggered . | . . . . . . Exploration Rate (%) 25 | 3 32 16 22 21 58 Regions Visited 5 Branch Regions 2 Pre-discovered Areas 1 | . . . 1 . . Known Exits Taken . | . . . . . . Unknown Exits Taken 5 | 1 1 1 1 1 . Scrap Searched 1 | . . . 1 . . Spaces Dug . | . . . . . . Terrain Destroyed 34 | . . 34 . . . Melee . | . . . . . . Projectile . | . . . . . . AOE 34 | . . 34 . . . Terrain Rammed . | . . . . . . Walls Destroyed . | . . . . . . Machines Disabled . | . . . . . . Actions | -11 -10 -9 -9 -8 -8 --------- Run | Yrd Mat Mat Min Mat Sto Total 1297 | 51 387 251 92 181 335 Wait 256 | . 213 23 3 17 . Move 907 | 38 143 179 83 159 305 Hop . | . . . . . . Pick Up 20 | 7 5 4 . 4 . Fast Attach 5 | . . 4 . . 1 Attach 19 | 6 4 5 1 1 2 Detach 4 | . 2 . . . 2 Swap 4 | . 1 3 . . . Drop 3 | . 1 1 1 . . Fire 55 | . 18 32 4 . 1 Melee . | . . . . . . Ram 10 | . . . . . 10 Kick . | . . . . . . Crush . | . . . . . . Escape Stasis 14 | . . . . . 14 Rewire . | . . . . . . Trap . | . . . . . . Miscellaneous . | . . . . . . Route ------- -11/Scrapyard -10/Materials -9/Materials -9/Mines -8/Materials -8/Storage History --------- Turn | Location | Event 13 | -11/Scrapyard | Discovered new exit (range 15) 47 | -11/Scrapyard | Entered Materials 318 | -10/Materials | Build established: Mutant 426 | -10/Materials | Lost 3 parts (1p2n) 433 | -10/Materials | Discovered new exit (range 16) 440 | -10/Materials | Entered another Materials area 440 | -9/Materials | Evolved 2 slots: Propulsion x2 605 | -9/Materials | Discovered new exit (range 6) 607 | -9/Materials | Entered Mines 608 | -9/Mines | Learned location of Storage (-8) 648 | -9/Mines | Discovered new exit (range 10) 652 | -9/Mines | Entered Materials 652 | -8/Materials | Evolved 2 slots: Utility x2 662 | -8/Materials | Lost 12 parts (2p5n1u4w) 725 | -8/Materials | Discovered new exit (range 14) 744 | -8/Materials | Entered Storage 875 | -8/Storage | Core integrity fell below 50% 894 | -8/Storage | Core integrity fell below 20% 946 | -8/Storage | Destroyed by G-47 Trooper with Particle Gun Last Messages --------------- System corrupted by crushing effect (+3). Destabilizing: System corrupted (+2). Slammed into K-01 Serf. Slammed into G-47 Trooper. Critical hit (Burn: +37). R%WX0P&XTP:AGKFCG%# |JBQXI3 Connecting with Terminal... Current location identified: Storage >>Alert(Purge) Purged threat record, alert level lowered. >>Alert(Purge) No threats on record. >>Recall(Reinforcements) Establishing remote squad link... Recalled reinforcement squad 1H77UNKHKS. ALERT: Suspicious activity at Terminal S002. Dispatching Investigation squad. Y-45 Defender destroyed. Acquired 53 matter. AJMSPNQUW/,V5KREKE%NDLWBLILNRP>RRPAGZ%5 Map ----- +----------------------------------------------------+ | "??"" ### ##### #! * # # ##### #??? | | "???"" + # ####+## #??? | | ""???" ### # #?# #??? | | ""??" #?# #########?# #??? | | """" #?# ? #??? | | #?# #####+###? | | ###+###### #???# ! #? | | # ^ #???# #? | | # ^ #???# [#? | | # """ """ """ """ """ ##+#???# #? | | # """ """ """ """ """ +??????# !#? | | + """ """ """ """ """ ???????#! #? | | # ? ???????# #? | | # ?? ???????#+###? | | # ###+##??#### ???????# #??? | | # +??????????? ???????# #??? | | # ### #####??????????? ##+#???# #??? | | ####### #??????????????# #???# #??? | | # * + #??????????????# #???# #??? | | # # #??????????????# #???# #??? | | ## "Y" # #??????????????# #???# #??? | | ?# """ # #??????????????# ##### #??? | | ?####### ####??????????????# #??? | | ??????## ##????????????????# #??? | | ??????# ################## #??? | | ??????# Y Y Y g @ #??? | | ??????# ######### ########+######## #??? | | ?????###/#### ## #?#### #???# #??? | | ?????# # ## ###""" | #??## ##?? | | ?????# # # ##"Y #### #?? | | ?????# # ==+ ##"""!! + T #?? | | ?????# # ![ # #####!! #### #?? | | ?????# # ""#####???#!! #??#####?? | | ?????# # T"#???????##" "###????????? | | ?????######## ""#????????#"T"#??????????? | | ????????????# #????????#"""#??????????? | | ????????????# ####????????####???????????? | | ????????????###??????????????????????????? | | ?????????????????????????????????????????? | | ?????????????????????????????????????????? | | ?????????????????????????????????????????? | | ?????????????????????????????????????????? | | ?????????????????????????????????????????? | | ?????????????????????????????????????????? | | ?????????????????????????????????????????? | | ?????????????????????????????????????????? | | ?????????????????????????????????????????? | | ?????????????????????????????????????????? | | ?????????????????????????????????????????? | | ?????????????????????????????????????????? | +----------------------------------------------------+ Best States ------------- Heat Dissipation 38 Energy Generation 14 Energy Capacity 250 Matter Stores 285 Matter Capacity 300 Sight Range 16 Terrain Scan Density 10 Evasion (%) 64 Particle Charging 15 Item Schematics ----------------- None Robot Schematics ------------------ None Fabricated ------------ Nothing Repaired ---------- Nothing Studied --------- None Alien Tech Used ----------------- None Achievements -------------- None Challenges ------------ None Game ------ Seed LegSurgeFocus Manual? 0 Play Time 00:13:24 Cumulative 21.1 hours Start 2026.02.12 @ 22:41:44 End 2026.02.12 @ 22:54:53 Sessions 1 Manual Loads 0 Difficulty Rogue Special Mode None Game No. 52 Rogue 52 Adventurer 0 Explorer 0 Win Type - Total 0 Types 0/0/0/0/0/0/0/0/0/0 Lore% 17 Gallery% 25 Achievement% 20 Wizard Run 0 Options --------- Layout 1 ASCII 0 Keyboard 0 Movement Mouse Keybinds 0 Fullscreen 1 Font 24/Smallcaps Map View 50x35 Zoom Use 0% Tactical HUD 0 Map Filters NONE Filters NONE Steam 1 RUN: d4f03031-b98c-4ff4-a4b0-90916a095f5f